 Dungeon Crawl Stone Soup version 0.31-a0-263-ge8cad7f256 (webtiles) character file.

Game seed: 4325433603037209292

49 qw the Shooter (level 3, 0/29 HPs)
             Began as a Minotaur Hexslinger on July 13, 2023.
             Succumbed to an adder's poison
             ... on level 2 of the Dungeon.
             The game lasted 00:00:28 (1302 turns).

qw the Shooter (Minotaur Hexslinger)                Turns: 1302, Time: 00:00:28

Health: 0/29       AC:  5    Str: 12    XL:     3   Next: 53%
Magic:  3/3        EV: 11    Int: 10    God:
Gold:   83         SH:  0    Dex: 14    Spells: 3/4 levels left

rFire   . . .        Y - +1 sling
rCold   . . .        (no shield)
rNeg    . . .        m - +0 ring mail
rPois   .            (helmet restricted)
rElec   .            (no cloak)
rCorr   .            (no gloves)
SInv    .            (no boots)
Will    .....        (no amulet)
Stlth   +            (no ring)
HPRegen 0.24/turn    (no ring)
MPRegen 0.08/turn

%: no passive effects
@: lethally poisoned (0 -> -10)
A: horns 2, retaliatory headbutt
a: no special abilities


You were on level 2 of the Dungeon.
You visited 1 branch of the dungeon, and saw 2 of its levels.

You collected 83 gold pieces.


Innate Abilities, Weirdness & Mutations

You have a pair of horns on your head.
You reflexively headbutt those who attack you in melee.


   Skills:
 - Level 2.0 Fighting
 - Level 4.1 Ranged Weapons
 + Level 0.2 Armour
 - Level 2.1 Dodging
 - Level 1.0 Spellcasting
 - Level 2.0 Hexes


You had 3 spell levels left.
You knew the following spells:

 Your Spells              Type           Power      Damage    Failure   Level
a - Slow                  Hex            16%        N/A       34%         1

Your spell library contained the following spells:

 Spells                   Type           Power      Damage    Failure   Level
 Inner Flame              Hex/Fire       2%         N/A       83%         3
 Portal Projectile        Hex/Tloc       4%         N/A       83%         3
 Cause Fear               Hex            2%         N/A       98%         4

Inventory:

Hand Weapons
 Y - a +1 sling (weapon)
Armour
 m - a +0 ring mail (worn)
Scrolls
 a - a scroll of identify
Potions
 b - 2 potions of haste {unknown}
 c - a potion of might {unknown}
 d - a potion of lignification {unknown}
 e - a potion of resistance
 f - a potion of attraction {unknown}
 i - a potion of berserk rage {unknown}
 j - 2 potions of curing {unknown}
 k - a potion of enlightenment {unknown}

Dungeon Overview and Level Annotations

Branches:
Dungeon (2/15)

Altars:


Message History

You feel sick. The adder bites you but does no damage.
The adder closely misses you.
You shoot a sling bullet.
The sling bullet hits the adder but does no damage.
The adder is lightly wounded.
You feel sick. The adder barely misses you.
You shoot a sling bullet. The sling bullet hits the adder.
The adder is moderately wounded.
You feel sick. The adder closely misses you.
The adder bites you but does no damage.
You shoot a sling bullet.
The sling bullet closely misses the adder.
You feel sick.
You are no longer poisoned.
The adder bites you. The adder misses you.
You shoot a sling bullet. The sling bullet misses the adder.
The adder bites you but does no damage. The adder closely misses you.
You shoot a sling bullet. The sling bullet hits the adder!
The adder is almost dead.
The adder bites you.
You are poisoned.
The adder poisons you!
You shoot a sling bullet.
The sling bullet closely misses the adder.
You feel very sick. The adder bites you.
You are more poisoned.
The adder poisons you! The adder bites you but does no damage.
You shoot a sling bullet. The sling bullet misses the adder.
You feel very sick. The adder bites you but does no damage.
The adder bites you.
You are more poisoned.
The adder poisons you!
You shoot a sling bullet.
The sling bullet barely misses the adder.
You feel very sick. The adder bites you but does no damage.
The adder misses you.
You shoot a sling bullet. The sling bullet hits the adder.
You kill the adder!
You die...

..####### #.# #..........#.....
........# ##.## #.#.######.#.....
.######.###...# #.#......#.#>###.
..............# #......#.........
#######'##....# #......+.....###.
..............# #......#.#######.
#####.........###......#.#.......
# #..........##...........####.
#####...........@..<.###....####.
##.........%.#.##%#...##.........
##.........#.#.##.###.##.........
##.......#...#.# $. .##.........
#......:#####.# ### ###.........
#..(....#####.# #.........
#.##..........# #####......#
#.############# #..........# #.#
#.#.....####


There were no monsters in sight!

Vanquished Creatures
  2 adders (D:2)
  A worm (D:2)
  A dart slug (D:1)
  2 ball pythons (D:1)
  3 endoplasms
  A giant cockroach (D:1)
  4 goblins
  4 hobgoblins
  3 kobolds (D:1)
  A quokka (D:1)
  5 bats
  3 frilled lizards
  5 rats (D:1)
35 creatures vanquished.

Notes
Turn   | Place    | Note
-------+----------+-------------------------------------------
     0 | D:1      | qw the Minotaur Hexslinger began the quest for the Orb.
     0 | D:1      | Reached XP level 1. HP: 16/16 MP: 1/1
     0 | D:1      | 0 ||| qw: Version: 0.3-a-52-g30416fa
     0 | D:1      | 0 ||| qw: Game counter: 7465
     0 | D:1      | 0 ||| qw: Melee chars always use a shield: true
     0 | D:1      | 0 ||| qw: God list: Okawaru
     0 | D:1      | 0 ||| qw: Allow faded altars: false
     0 | D:1      | 0 ||| qw: Do Orc after clearing Dungeon:15 true
     0 | D:1      | 0 ||| qw: Do second Lair branch before Depths: true
     0 | D:1      | 0 ||| qw: Lair rune preference: random
     0 | D:1      | 0 ||| qw: Goals: Normal
     0 | D:1      | 0 ||| PLANNING D:1-11
   135 | D:1      | Reached skill level 3 in Ranged Weapons
   169 | D:1      | Reached XP level 2. HP: 23/23 MP: 2/2
   771 | D:1      | 771 ||| UPGRADING to +0 ring mail.
   781 | D:1      | 781 ||| DROPPING +0 robe.
   782 | D:1      | 782 ||| READING 2 scrolls labelled QYPUIDA FOPHOE.
   783 | D:1      | 783 ||| READING scroll labelled OZEVEBRYF.
   787 | D:1      | 787 ||| READING 2 scrolls labelled LIWKETU ESKOJ.
   788 | D:1      | 788 ||| DRINKING 2 murky green potions.
   789 | D:1      | 789 ||| DROPPING scroll of poison.
   790 | D:1      | 790 ||| DROPPING scroll of fog.
   813 | D:2      | Reached XP level 3. HP: 29/29 MP: 3/3
  1054 | D:2      | Reached skill level 4 in Ranged Weapons
  1300 | D:2      | HP: 6/29 [adder (3)]
  1301 | D:2      | HP: 2/29 [poisoned by an adder]
  1302 | D:2      | Succumbed to an adder's poison

Levels and vault maps discovered:
D:1:      dpeg_arrival_stonehenge_8_columns, layout_loops_corners
D:2:      layout_basic

Skill      XL: |  1  2  3 |
---------------+----------+-----
Ranged Weapons | 3 4 |  4.1
Fighting       | 2 |  2.0
Armour         | |  0.2
Dodging        | |  2.1
Spellcasting   | |  1.0
Hexes          | |  2.0

Action                     || total
---------------------------++-------
   Fire: Sling             ||   116
    Use: Scroll            ||     3
         Potion            ||     1
 Armour: Robe              ||     9
         Ring mail         ||     9
  Dodge: Dodged            ||    31

Table legend:
 A = Non-vault XP
 B = Vault XP
 C = Vault XP percentage of total XP
 D = Non-vault monster count
 E = Vault monster count
 F = Vault count percentage of total count
                 A         B        C        D         E       F
            +---------+---------+-------+---------+---------+-------
      Total |      84 |       0 |   0.0 |      35 |       0 |   0.0
            +---------+---------+-------+---------+---------+-------
        D:1 |      40 |       0 |   0.0 |      24 |       0 |   0.0
        D:2 |      44 |       0 |   0.0 |      11 |       0 |   0.0
            +---------+---------+-------+---------+---------+-------
